 Dungeon Crawl Stone Soup version 0.20.1-1-g8b1a95d (webtiles) character file.

496 equalderp2856 the Chopper (level 6, -1/56 HPs)
             Began as a Minotaur Fighter on Oct 16, 2017.
             Killed by divine providence
             ... invoked by an orc priest
              (10 damage)
             ... on level 4 of the Dungeon.
             The game lasted 00:04:29 (2697 turns).

equalderp2856 the Chopper (Minotaur Fighter)        Turns: 2697, Time: 00:04:30

Health: -1/56      AC:  7    Str: 21    XL:     6   Next: 93%
Magic:  5/5        EV:  8    Int:  6    God:
Gold:   287        SH:  9    Dex: 10    Spells: 5/5 levels left

rFire    . . .     SeeInvis .   a - +0 war axe
rCold    . . .     Gourm    .   c - +0 shield
rNeg     + . .     Faith    .   b - +0 scale mail
rPois    .         Spirit   .   (helmet restricted)
rElec    .         Reflect  .   (no cloak)
rCorr    .         Harm     .   (no gloves)
MR       .....                  (no boots)
Stlth    ..........             (no amulet)
Regen    0.2/turn               e - ring of positive energy
MPRegen  0.1/turn               (no ring)

@: no status effects
A: retaliatory headbutt, horns 2
a: no special abilities


You were on level 4 of the Dungeon.
You were not hungry.

You visited 1 branch of the dungeon, and saw 4 of its levels.
You also visited: Ossuary.

You collected 287 gold pieces.

Inventory:

Hand Weapons
 a - a +0 war axe (weapon)
Armour
 b - a +0 scale mail (worn)
 c - a +0 shield (worn)
Jewellery
 e - a ring of positive energy (left hand)
Scrolls
 g - 2 scrolls of teleportation {unknown}
 i - a scroll of blinking {unknown}
 j - 3 scrolls of identify {unknown}
 m - a scroll of immolation {unknown}
 n - a scroll of recharging {unknown}
 q - 2 scrolls of remove curse {unknown}
 s - a scroll of random uselessness {unknown}
 u - a scroll of noise {unknown}
Potions
 d - 3 potions of might
 h - a potion of ambrosia {unknown}
 k - 2 potions of brilliance {unknown}
 l - 2 potions of curing
 o - a potion of degeneration {unknown}
 p - a potion of flight {unknown}
 t - a potion of heal wounds
 w - a potion of mutation {unknown}
Comestibles
 f - 3 bread rations
 r - a fruit
 v - 2 royal jellies


   Skills:
 + Level 5.0 Fighting
 + Level 6.1 Axes
 + Level 5.3 Armour
 + Level 1.2 Dodging
 + Level 0.6 Stealth
 + Level 4.8 Shields


You had 5 spell levels left.
You didn't know any spells.

Dungeon Overview and Level Annotations

Branches:
Dungeon (4/15)
 Temple: D:4-7

Altars:
Cheibriados
Kikubaaqudgha
Nemelex Xobeh

Annotations:
D:2 Sigmund
D:3 Ijyb


Innate Abilities, Weirdness & Mutations

You reflexively headbutt those who attack you in melee.
You have a pair of horns on your head.


Message History

You closely miss the orc priest.
The orc priest is almost dead.
You block the orc priest's attack.
The orc priest mumbles some strange prayers to Beogh against you.
Pain shoots through your body!
* * * LOW HITPOINT WARNING * * *
You hit the orc priest but do no damage.
You headbutt the orc priest, but do no damage.
The orc priest is almost dead.
You block the orc priest's attack.
You closely miss the orc priest. You headbutt the orc priest.
The orc priest is almost dead.
The orc priest hits you.
* * * LOW HITPOINT WARNING * * *
Unknown command.
You closely miss the orc priest.
The orc priest is almost dead.
The orc priest mumbles some strange prayers to Beogh against you.
Beogh smites you!
You die...

#.....................
#.....................
#...................#.
##########..........#.
#..........#.
#..........#.
########..........#.
#.o......######.....
#.)@.......(# #.##..
....l.).###'###.#
#.##.> ...##...# #.#
#.# #.#### #
#...###.###.# #.# #
#...+.._..'.# #.# #
....#######.###.# #
.....# ### #...#.####
####..# ### #.#.#....'
......#.######


You could see an orc priest and a frilled lizard.

Vanquished Creatures
  Blork the orc (D:4)
  3 orc wizards (D:4)
  2 iguanas (D:4)
  Natasha (D:2)
  A big kobold zombie (Ossuary)
  8 mummies (Ossuary)
  2 gnolls (D:3)
  5 adders
  An ooze (D:1)
  A dart slug (D:1)
  2 leopard geckos
  3 orcs
  3 giant cockroaches (D:4)
  A gnoll zombie (Ossuary)
  3 goblins (D:1)
  5 hobgoblins
  9 jackals
  9 kobolds
  A quokka (D:4)
  2 ball pythons
  8 bats
  2 frilled lizards
  2 hobgoblin zombies (Ossuary)
  A jackal skeleton (D:4)
  2 kobold zombies (Ossuary)
  2 orc zombies (Ossuary)
  A quokka zombie (D:4)
  7 rats
  A rat zombie (D:4)
89 creatures vanquished.

Notes
Turn   | Place    | Note
-------+----------+-------------------------------------------
     0 | D:1      | equalderp2856 the Minotaur Fighter began the quest for the Orb.
     0 | D:1      | Reached XP level 1. HP: 19/19 MP: 0/0
   244 | D:1      | Reached XP level 2. HP: 27/27 MP: 1/1
   513 | D:1      | Reached XP level 3. HP: 32/33 MP: 2/2
   814 | D:1      | Reached skill level 3 in Axes
   924 | D:2      | Noticed Sigmund
   924 | D:2      | Noticed Natasha
   934 | D:2      | Killed Natasha
   934 | D:2      | Reached XP level 4. HP: 17/40 MP: 3/3
  1316 | D:3      | Found an ancient bone altar of Kikubaaqudgha.
  1452 | D:3      | Noticed Ijyb
  1477 | D:4      | Found a sand-covered staircase.
  1478 | D:4      | Reached skill level 4 in Axes
  1485 | Ossuary  | Entered an ossuary
  1740 | Ossuary  | Reached XP level 5. HP: 23/47 MP: 4/4
  1763 | Ossuary  | HP: 2/47 [big kobold zombie (2)]
  2055 | Ossuary  | Reached skill level 5 in Axes
  2455 | D:4      | Reached XP level 6. HP: 37/53 MP: 5/5
  2459 | D:4      | Reached skill level 1 in Dodging
  2463 | D:4      | Reached skill level 5 in Armour
  2538 | D:4      | Found a sparkling altar of Nemelex Xobeh.
  2671 | D:4      | Found a snail-covered altar of Cheibriados.
  2679 | D:4      | Noticed Blork the orc
  2685 | D:4      | Killed Blork the orc
  2685 | D:4      | Reached skill level 5 in Fighting
  2685 | D:4      | Reached skill level 6 in Axes
  2697 | D:4      | Killed from afar by an orc priest

Skill      XL: |  1  2  3  4  5  6 |
---------------+-------------------+-----
Shields        | 4 |  4.8
Fighting       | 4 5 |  5.0
Armour         | 4 5 |  5.3
Axes           | 3 4 5 6 |  6.1
Dodging        | 1 |  1.2
Stealth        | |  0.6

Action                   |  1- 3 |  4- 6 || total
-------------------------+-------+-------++-------
Melee: War axe           |    77 |   131 ||   208
       Headbutt          |    10 |    24 ||    34
  Use: Potion            |       |     3 ||     3
  Eat: Fruit             |       |     2 ||     2
       Royal jelly       |       |     1 ||     1
       Chunk             |       |     2 ||     2
Armor: Scale mail        |    46 |    86 ||   132
Dodge: Dodged            |    32 |    56 ||    88
Block: Shield            |    59 |    91 ||   150
